 Dungeon Crawl Stone Soup version 0.19-a0-1210-g5c1aa26 (webtiles) character file.

447176 Ijustatesigmund the Warrior (level 23, -42/258 HPs)
             Began as a Demonspawn Berserker on Aug 19, 2016.
             Was the Champion of Trog.
             Killed from afar by a Hell Sentinel (43 damage)
             ... with damnation
             ... summoned by a lich
             ... on level 3 of the Depths on Aug 22, 2016.
             The game lasted 03:42:51 (60756 turns).

Ijustatesigmund the Warrior (Demonspawn Berserker) Turns: 60756, Time: 03:42:54

Health: -42/258    AC: 31    Str: 28    XL:     23   Next: 13%
Magic:  32/32      EV: 39    Int: 11    God:    Trog [******]
Gold:   1043       SH: 20    Dex: 24    Spells: 0 memorised, 22 levels left

rFire  + + .     SeeInvis .     f - +9 broad axe (vamp)
rCold  . . .     Gourm    .     w - +6 fire dragon armour
rNeg   . . .     Faith    .     z - +1 shield
rPois  .         Spirit   .     C - +2 helmet
rElec  .         Dismiss  .     I - +2 cloak of Dyspraxia {*Contam rCorr Str+4}
rCorr  +         Reflect  +     n - +1 pair of gloves
MR     +....     Harm     .     (boots unavailable)
Stlth  +.........               J - +4 amulet of reflection
                                Y - +3 ring of evasion
                                q - ring of Shaolin {EV+8}

@: mighty, agile, lethally poisoned (-42 -> -49), exhausted, slowed, studying
Fighting, very slow
A: talons 3, thin metallic scales 2, cold resistance 1, deterioration 1, powered
by pain 3, robust 3, freezing cloud immunity
a: Berserk, Trog's Hand, Brothers in Arms, Burn Spellbooks, Renounce Religion
}: 2/15 runes: decaying, gossamer


You were on level 3 of the Depths.
You worshipped Trog.
Trog was exalted by your worship.
You were not hungry.

You visited 9 branches of the dungeon, and saw 44 of its levels.
You visited the Abyss 3 times.
You visited 2 bazaars.
You also visited: Trove, Ice Cave and Volcano.

You collected 6780 gold pieces.
You spent 5737 gold pieces at shops.

Inventory:

Hand Weapons
 f - a +9 vampiric broad axe (weapon)
 G - the +7 war axe of Spontaneous Combustion {drain, rPois rC+ rN+++ Stlth+}
   (Trog gifted it to you on level 4 of the Spider Nest)

   A truly terrible weapon, it drains the life of those it strikes.
   It protects you from cold.
   It protects you from poison.
   It renders you almost immune to negative energy.
   It makes you more stealthy.
 W - a +9 antimagic broad axe
Missiles
 b - 8 tomahawks of dispersal
 r - 7 steel javelins
 y - 2 silver tomahawks (quivered)
Armour
 n - a +1 pair of gloves (worn)
 w - a +6 fire dragon armour (worn)
 z - a +1 shield (worn)
 C - a +2 helmet (worn)
 I - the +2 cloak of Dyspraxia (worn) {*Contam rCorr Str+4}
   (You bought it in a shop on level 7 of the Dungeon)

   It affects your strength (+4).
   It causes magical contamination when unequipped.
   It protects you from acid and corrosion.
 R - the +6 scale mail of the Endless Orbs {*Corrode Regen+ Str+8 Stlth-}
   (You found it on level 3 of the Elven Halls)

   It affects your strength (+8).
   It increases your rate of regeneration.
   It may corrode you when you take damage.
   It makes you less stealthy.
 Z - the +0 plate armour of Watchfulness {rElec rPois rC- Slay+3}
   (You found it on level 13 of the Dungeon)

   It affects your accuracy and damage with ranged weapons and melee attacks
   (+3).
   It makes you vulnerable to cold.
   It insulates you from electricity.
   It protects you from poison.
Jewellery
 d - a +3 ring of protection
 o - the amulet "Lucwicla" {Spirit rPois Slay+3}
   (You found it in a treasure trove)

   [amulet of guardian spirit]

   It causes incoming damage to be split between your health and magic.
   It affects your accuracy and damage with ranged weapons and melee attacks
   (+3).
   It protects you from poison.
 q - the ring of Shaolin (left hand) {EV+8}
   (You bought it in a shop in a bazaar)

   [ring of evasion]

   It affects your evasion (+8).
 s - an uncursed ring of resist corrosion
 F - an uncursed ring of see invisible
 H - an uncursed amulet of regeneration
 J - a +4 amulet of reflection (around neck)
 X - an uncursed ring of protection from fire
 Y - a +3 ring of evasion (right hand)
Wands
 m - a wand of teleportation (5/9)
 K - a wand of lightning (4/15)
 M - a wand of iceblast (2/15)
 P - a wand of acid (11/15)
 V - a wand of digging (14/24)
Scrolls
 g - 14 scrolls of remove curse
 l - 4 scrolls of immolation
 p - 3 scrolls of enchant weapon
 v - a scroll of magic mapping
 x - 2 scrolls of blinking
 A - 2 scrolls of identify
 B - 18 scrolls of fear
 D - 9 scrolls of recharging
 O - 8 scrolls of teleportation
Potions
 a - 2 potions of cure mutation
 e - 2 potions of cancellation
 i - 2 potions of might
 j - 11 potions of curing
 t - 4 potions of haste
 u - 2 potions of heal wounds
 E - 11 potions of flight
 L - a potion of ambrosia
 Q - 8 potions of brilliance
 T - 8 potions of agility
Books
 k - a manual of Fighting
Miscellaneous
 S - 3 phantom mirrors
Comestibles
 c - 18 bread rations
 h - 18 meat rations


   Skills:
 + Level 20.8 Fighting
 - Level 19.0 Axes
 - Level 12.9 Throwing
 - Level 14.0 Armour
 - Level 14.3 Dodging
 - Level 13.4 Shields
 - Level 12.8 Evocations


You had 22 spell levels left.
You didn't know any spells.

Dungeon Overview and Level Annotations

Branches:
Dungeon (15/15)            Temple (0/1) D:7            Lair (6/6) D:10
  Swamp (4/4) Lair:4       Spider (4/4) Lair:2        Slime (0/5) Lair:5
    Orc (2/2) D:10            Elf (3/3) Orc:2        Vaults (4/5) D:14
  Crypt (3/3) Vaults:3       Tomb (0/3) Crypt:3      Depths (3/5) D:15

Altars:
Ashenzari
Dithmenos
Fedhas
Kikubaaqudgha
Makhleb
Nemelex Xobeh
Qazlal
Uskayaw
Xom
Yredelemnul
Zin
Beogh

Shops:
D:7 ?}*?   D:8 (   D:9 !   Orc:2 =[*(   Elf:2 !   Elf:3 =   Depths:2 ?
Depths:3 :

Portals:
Hell: Depths:1 Depths:2 Depths:3
Ziggurat: Depths:2

Annotations:
D:8 Gastronok
Crypt:3 Khufu


Innate Abilities, Weirdness & Mutations

You have claws for feet.
You are mostly covered in thin metallic scales. (AC +3)
Your flesh is cold resistant. (rC+)
You are powered by pain.
You are extremely robust. (+30% HP)
You are immune to freezing clouds.
Your body sometimes deteriorates upon taking damage.


Message History

* * * LOW HITPOINT WARNING * * *
You are too berserk!
Unknown command.
* * * LOW HITPOINT WARNING * * *
You feel sick.
You hear some strange, mumbled words.
Something tries to affect you, but you resist.
You see here 17 gold pieces.
You feel a strong urge to attack something.
* * * LOW HITPOINT WARNING * * *
You feel sick.
The sea snake changes into a merfolk!
You are too berserk!
You are no longer berserk.
You are exhausted.
You feel yourself slow down.
* * * LOW HITPOINT WARNING * * *
You feel sick. The Hell Sentinel gestures at you.
The sphere of damnation explodes!
The damnation engulfs you!
You die...

###....#....
...#..#...### ##
#........O.. #[:
#...#.#...# ((#
#..#)#2..# ##..
#####.#.1.m.#
#...######[.##..$....#
#....#...#(.###...#.###
#.)))))#####@......#
##.####()(###....#....#
#..#)#.)##....##.#....#
..####.###.#####.#....#
.. ...#. #.#####.##.###
#...#... #..#.....#.#
## ##.. ##.#.....# #..
#.......# ..# .##
##..##..+ ..#


You could see a Hell Sentinel, a green death, a merfolk shaped shifter and a
two-headed ogre.

Vanquished Creatures
  Frederick (Vaults:4)
  Bai Suzhen (Elf:3)
  Arachne (Spider:4)
  4 liches
  Rupert (Lair:5)
  2 tentacled monstrosities (Depths:2)
  2 deep elf blademasters (Elf:3)
  A deep elf master archer (Elf:3)
  2 ancient champions
  Roxanne (Spider:2)
  A tengu reaver (Depths:2)
  3 tentacled starspawn
  A shadow dragon (Vaults:3)
  2 revenants
  2 storm dragons
  4 deep elf sorcerers
  9 vault wardens
  9 fire giants
  8 frost giants
  5 ghost moths
  An orc warlord (D:10)
  An iron dragon (Depths:3)
  Aizul (Crypt:1)
  5 emperor scorpions
  4 ghouls
  4 curse skulls
  A deep elf elementalist (Elf:3)
  2 very ugly things (Depths:1)
  15 stone giants
  12 ironheart preservers
  A spriggan defender (Depths:3)
  An entropy weaver (Spider:2)
  7 vampire knights
  5 deep elf demonologists
  5 deep elf annihilators
  4 spark wasps
  Snorg (Orc:2)
  12 deep elf death magi
  6 ettins
  7 fire dragons
  4 eidola
  7 jiangshi
  11 yaktaur captains
  Fannar (Lair:1)
  7 great orbs of eyes
  16 vault guards
  5 rakshasas
  10 hydras
  6 ice dragons
  2 naga warriors (Abyss:3)
  2 spriggan air magi (Depths:2)
  An anaconda (shapeshifter) (Vaults:4)
  2 catoblepae
  2 ghost crabs
  10 alligators
  8 ogre magi
  14 centaur warriors
  3 death knights
  31 dancing weapons
  3 deep troll shamans
  4 death yaks (Lair:6)
  3 deep troll earth magi
  3 vampire magi
  2 hell hogs (Depths:2)
  A titan zombie (Abyss:3)
  An orc high priest (Orc:2)
  Urug (Lair:4)
  A spriggan berserker (Depths:2)
  16 skeletal warriors
  3 soul eaters
  4 wretched stars (Abyss:2)
  2 shadow wraiths
  2 thrashing horrors (Abyss:2)
  17 deep elf knights
  A sixfirhy (Abyss:3)
  An iron troll (Depths:1)
  A spriggan druid (Swamp:3)
  2 spatial maelstroms (Abyss:2)
  7 unseen horrors
  An unseen horror (shapeshifter) (Abyss:3)
  A death drake (Swamp:2)
  2 giant orange brains
  5 flayed ghosts
  12 deep trolls
  A shadow demon (Abyss:2)
  3 spectral hydras (Swamp:2)
  13 swamp dragons
  13 deep elf archers
  2 wizards (Vaults:3)
  13 phantasmal warriors
  2 lindwurms
  An orange crystal statue (Elf:1)
  9 hill giants
  10 ironbrand convokers
  The ghost of Duffy the Carver, a novice DDMo of Makhleb (D:5)
  A harpy (shapeshifter) (D:13)
  2 shambling mangroves
  8 necromancers
  2 orb spiders (shapeshifter)
  2 salamanders (Abyss:3)
  7 orc knights
  57 deep elf magi
  6 statues (Volcano)
  10 hornets
  6 griffons
  38 wolf spiders
  3 orc sorcerers
  A shining eye (Depths:2)
  A sphinx skeleton (Crypt:3)
  A hornet (shapeshifter) (D:15)
  An iron dragon skeleton (Crypt:2)
  22 orb spiders
  14 cyclopes
  26 ugly things
  19 slime creatures
  3 moths of wrath
  4 elephants (Lair:6)
  An elephant (shapeshifter) (Depths:2)
  3 apocalypse crabs (Abyss:2)
  4 ice statues (IceCv)
  A guardian serpent (Abyss:3)
  2 centaur zombies
  7 vault sentinels
  A guardian serpent (shapeshifter) (D:15)
  Joseph (D:8)
  A smoke demon (Abyss:3)
  An orange demon (Abyss:3)
  2 torpor snails
  5 spectral swamp worms (Depths:3)
  A gargoyle (D:15)
  13 spiny frogs
  A dire elephant skeleton (Crypt:2)
  2 rime drakes
  A kobold demonologist (D:12)
  4 komodo dragons
  44 yaktaurs
  A catoblepas zombie (Crypt:2)
  An efreet (Volcano)
  14 freezing wraiths
  A swamp worm zombie (Swamp:2)
  11 ice devils
  An iron troll zombie (Crypt:3)
  23 demonic crawlers
  An emperor scorpion zombie (Crypt:1)
  6 red devils
  2 ancient zymes (Abyss:2)
  A tengu conjurer (D:15)
  A queen bee (D:10)
  A polar bear (shapeshifter) (Vaults:4)
  A death drake skeleton (Crypt:3)
  41 jumping spiders
  7 trolls
  2 trolls (shapeshifter)
  18 two-headed ogres
  7 giant leeches
  3 polar bears
  19 blink frogs
  A two-headed ogre (shapeshifter) (Depths:1)
  2 alligator zombies (Swamp:2)
  2 boulder beetles (Vaults:3)
  A blink frog (shapeshifter) (Vaults:2)
  8 bog bodies
  14 raiju
  A fire dragon zombie (Crypt:1)
  A fire giant simulacrum (Vaults:1)
  3 spectral swamp dragons (Swamp:2)
  Sigmund (D:2)
  75 redbacks
  29 yaks
  3 vampires
  9 spriggans
  6 shadows
  3 wyverns
  A deep troll skeleton (Depths:1)
  4 air elementals
  36 tarantellas
  3 starcursed masses (Abyss:3)
  8 wraiths
  3 basilisks
  2 fire elementals (Elf:3)
  2 water elementals (Elf:1)
  5 giant leech zombies (Swamp:2)
  10 large abominations
  2 humans (shapeshifter)
  A hungry ghost (D:8)
  A neqoxec (Abyss:2)
  6 fire bats
  18 vampire mosquitoes
  9 hippogriffs
  6 spatial vortices (Abyss:2)
  2 hill giant skeletons (Crypt:2)
  2 soldier ants
  26 swamp worms
  3 wargs
  6 insubstantial wisps (Swamp:4)
  A naga (Abyss:3)
  4 mottled dragons
  8 water moccasins
  7 spiny frog zombies (Swamp:2)
  A giant eyeball (Depths:2)
  A merfolk skeleton (Crypt:3)
  14 porcupines
  9 hell hounds (Depths:2)
  7 swamp drakes
  21 wasps
  A black bear (shapeshifter) (D:14)
  2 eyes of draining
  6 ice beasts
  An ice dragon simulacrum (Depths:1)
  3 sky beasts
  2 black bears
  11 boggarts
  5 necrophages
  24 orc warriors
  9 wolves
  A snapping turtle zombie (Crypt:1)
  3 phantoms
  A blink frog zombie (Crypt:1)
  19 centaurs
  An anubis guard skeleton (Crypt:1)
  46 ogres
  An elephant skeleton (Crypt:3)
  A lindwurm skeleton (Crypt:1)
  8 crocodiles
  4 big kobolds
  3 elf zombies
  19 giant frogs
  2 earth elementals (Elf:1)
  An ogre simulacrum (Vaults:1)
  A glowing shapeshifter simulacrum (Depths:1)
  3 scorpions
  An orc simulacrum (Vaults:2)
  3 spriggan zombies
  2 troll zombies (Swamp:2)
  26 killer bees (D:10)
  2 raiju skeletons
  21 wights
  A wolf zombie (Crypt:1)
  4 electric eels
  A spriggan skeleton (Crypt:3)
  7 crimson imps
  7 lava snakes (Volcano)
  13 small abominations
  A wolf skeleton (Crypt:2)
  3 draconian simulacra (IceCv)
  5 jellies
  5 hounds
  3 quasits
  9 centaur skeletons
  2 giant frog zombies
  9 orc priests
  18 orc wizards
  A giant frog skeleton (D:12)
  12 iguanas
  An iron imp (D:2)
  Natasha (thrice) (D:2 D:4)
  9 worker ants
  A spriggan simulacrum (IceCv)
  2 troll simulacra (IceCv)
  A killer bee zombie (D:10)
  12 sheep
  A demigod zombie (Crypt:3)
  3 centaur simulacra
  A crocodile skeleton (Crypt:3)
  A hound zombie (D:11)
  4 hound skeletons
  A worker ant zombie (D:11)
  7 gnolls
  15 adders
  3 naga simulacra (IceCv)
  46 river rats
  2 shadow imps
  A white imp (Abyss:2)
  2 ufetubi
  5 oozes
  An ooze (shapeshifter) (Depths:2)
  An adder zombie (D:5)
  19 worms
  4 dart slugs
  2 giant geckos
  85 orcs
  4 giant cockroaches
  9 hobgoblins
  17 jackals
  3 quokkas
  A ball python (D:1)
  12 bats
  2 giant gecko skeletons (D:4)
  7 giant newts
  8 goblins
  2 jackal skeletons
  22 kobolds
  A quokka skeleton (Crypt:2)
  8 rats
  A river rat skeleton (Crypt:3)
  3 crawling corpses
  5 fungi
  A lurking horror (Abyss:2)
  4 plants
  4 starspawn tentacles
  A withered plant (Swamp:2)
2022 creatures vanquished.

Vanquished Creatures (collateral kills)
  the Lernaean hydra (Swamp:4)
  A large abomination (Vaults:1)
  The ghost of 4thArraOfDagon the Grappler, an adept TrFE of Okawaru (IceCv)
  A deep elf elementalist (Elf:3)
  A deep elf death mage (Vaults:1)
  An ogre mage (Vaults:1)
  A deep elf archer (Vaults:1)
  A swamp drake (Swamp:4)
8 creatures vanquished.

Vanquished Creatures (others)
  A deep elf master archer (Elf:3)
  A stone giant (Depths:2)
  An ice dragon (Depths:2)
  3 centaur warriors
  A shadow wraith (Vaults:4)
  A deep elf archer (Vaults:2)
  A wizard (Vaults:2)
  A komodo dragon (Lair:5)
  6 yaktaurs
  A slime creature (Swamp:4)
  A ynoxinul (Abyss:2)
  2 boggarts
  3 centaurs
  An ogre (Depths:1)
  A river rat (Lair:5)
  An orc (Orc:2)
  A kobold (D:12)
  5 fungi
  A lurking horror (Abyss:2)
  9 plants
  5 starspawn tentacles
47 creatures vanquished.

Grand Total: 2077 creatures vanquished

Notes
Turn   | Place    | Note
-------+----------+-------------------------------------------
     0 | D:1      | Ijustatesigmund the Demonspawn Berserker began the quest for the Orb.
     0 | D:1      | Reached XP level 1. HP: 18/18 MP: 1/1
    70 | D:1      | Gained mutation: Your flesh is cold resistant. (rC+) [demonic ancestry]
    70 | D:1      | Reached XP level 2. HP: 24/24 MP: 2/2
   154 | D:1      | Reached ** piety under Trog
   253 | D:1      | Reached XP level 3. HP: 24/29 MP: 3/3
   555 | D:2      | Noticed Natasha
   561 | D:2      | Killed Natasha
   680 | D:2      | Noticed Sigmund
   683 | D:2      | HP: 2/43 [Sigmund/magic dart (5)]
   688 | D:2      | Killed Sigmund
   688 | D:2      | Reached skill level 5 in Axes
   688 | D:2      | Reached XP level 4. HP: 3/35 MP: 4/4
   688 | D:2      | Gained mutation: You have sharp toenails. [demonic ancestry]
   688 | D:2      | Reached XP level 5. HP: 3/41 MP: 5/5
  1063 | D:2      | Reached XP level 6. HP: 40/47 MP: 6/6
  1311 | D:2      | Found a sparkling altar of Nemelex Xobeh.
  1340 | D:2      | Found a burning altar of Makhleb.
  2085 | D:3      | Reached *** piety under Trog
  2813 | D:3      | Found a sparkling altar of Nemelex Xobeh.
  3174 | D:4      | Found a shattered altar of Ashenzari.
  3237 | D:4      | Reached XP level 7. HP: 53/53 MP: 7/7
  3310 | D:4      | Noticed Natasha
  3319 | D:4      | Killed Natasha
  3319 | D:4      | Reached **** piety under Trog
  3319 | D:4      | Reached skill level 4 in Fighting
  3662 | D:4      | Found a stormy altar of Qazlal.
  3816 | D:4      | Noticed Natasha
  3822 | D:4      | Killed Natasha
  3900 | D:4      | Found a basalt altar of Yredelemnul.
  4369 | D:5      | Entered Level 5 of the Dungeon
  4512 | D:5      | Reached skill level 5 in Fighting
  4581 | D:5      | Noticed Duffy's ghost (novice DDMo)
  4685 | D:5      | Gained mutation: You have razor-sharp toenails. [demonic ancestry]
  4685 | D:5      | Reached XP level 8. HP: 29/62 MP: 8/8
  5215 | D:5      | Killed Duffy's ghost
  5215 | D:5      | Reached skill level 6 in Fighting
  5215 | D:5      | Reached skill level 5 in Armour
  5527 | D:5      | Noticed a hill giant
  5648 | D:5      | Killed a hill giant
  5648 | D:5      | Reached skill level 7 in Fighting
  5648 | D:5      | Reached XP level 9. HP: 72/72 MP: 9/9
  5804 | D:6      | Found a shadowy altar of Dithmenos.
  5991 | D:6      | Found a blossoming altar of Fedhas.
  6054 | D:6      | Found a shimmering altar of Xom.
  6221 | D:7      | Found Hogeaf's Magic Scroll Boutique.
  6240 | D:7      | Bought a scroll of identify for 26 gold pieces
  6240 | D:7      | Bought a scroll of identify for 26 gold pieces
  6319 | D:7      | Found a staircase to the Ecumenical Temple.
  6405 | D:7      | Found Ilunle's Assorted Antiques.
  6410 | D:7      | Bought a fuming inky potion for 32 gold pieces
  6437 | D:7      | Found Ijizotock's Gadget Shop.
  6441 | D:7      | Found Xusum's Magic Scroll Shop.
  6791 | D:7      | Reached ***** piety under Trog
  7403 | D:8      | Noticed Gastronok
  7412 | D:8      | HP: 3/74 [Gastronok/the air (22)]
  7532 | D:9      | Noticed a troll
  7543 | D:9      | Killed a troll
  7543 | D:9      | Reached skill level 8 in Fighting
  7924 | D:9      | Gained mutation: You are partially covered in thin metallic scales. (AC +2) [demonic ancestry]
  7924 | D:9      | Reached XP level 10. HP: 80/80 MP: 10/10
  7958 | D:9      | Found Sevukewn's Distillery.
  8049 | D:7      | Bought a warped cloak for 342 gold pieces
  8054 | D:7      | Identified the +2 cloak of Dyspraxia {*Contam rCorr Str+4} (You bought it in a shop on level 7 of the Dungeon)
  8258 | D:9      | Found an ancient bone altar of Kikubaaqudgha.
  8429 | D:10     | Entered Level 10 of the Dungeon
  8494 | D:10     | Found a staircase to the Lair.
  8522 | D:10     | Received a gift from Trog
  8667 | D:10     | Reached skill level 5 in Dodging
  8676 | D:10     | Reached skill level 9 in Fighting
  8753 | D:10     | Reached skill level 10 in Axes
  8859 | D:10     | Received a gift from Trog
  8865 | D:10     | Noticed a hill giant
  8871 | D:10     | Killed a hill giant
  8983 | D:10     | Found a staircase to the Orcish Mines.
  8994 | D:10     | Reached skill level 1 in Shields
  9013 | D:10     | Found a roughly hewn altar of Beogh.
  9336 | D:9      | Noticed a hill giant
  9339 | D:9      | Killed a hill giant
  9395 | D:8      | Found a hide-covered altar of Uskayaw.
  9481 | D:8      | Found Laitsuef's Weapon Shop.
  9577 | D:8      | Reached XP level 11. HP: 89/89 MP: 11/11
  9721 | D:8      | Noticed Joseph
  9737 | D:8      | Killed Joseph
  9757 | D:8      | Found a shadowy altar of Dithmenos.
 10015 | Lair:1   | Entered Level 1 of the Lair of Beasts
 10107 | Lair:1   | Reached skill level 5 in Shields
 10363 | Lair:1   | Noticed Fannar
 10382 | Lair:1   | Killed Fannar
 11396 | Lair:2   | Found a frozen archway.
 11487 | IceCv    | Entered an ice cave
 11888 | IceCv    | Noticed 4thArraOfDagon's ghost (adept TrFE)
 11889 | IceCv    | Noticed a necromancer
 11900 | IceCv    | Killed 4thArraOfDagon's ghost
 11900 | IceCv    | Reached XP level 12. HP: 37/97 MP: 12/12
 11913 | IceCv    | Reached skill level 10 in Fighting
 12514 | IceCv    | Received a gift from Trog
 13758 | Lair:2   | Found a hole to the Spider Nest.
 14619 | Lair:3   | Reached skill level 11 in Fighting
 15248 | Lair:3   | Got a distressingly furry chain mail
 15437 | Lair:3   | Identified the +6 chain mail of the Unseen Realm {rElec rPois Str+9 Slay-4} (You found it on level 3 of the Lair of Beasts)
 15664 | Lair:4   | Found a staircase to the Swamp.
 15668 | Lair:4   | Gained mutation: You tend to lose your temper in combat. [potion of mutation]
 15668 | Lair:4   | Lost mutation: You tend to lose your temper in combat. [potion of mutation]
 15668 | Lair:4   | Gained mutation: Scrolls take you a little longer to read. [potion of mutation]
 15669 | Lair:4   | Lost mutation: Scrolls take you a little longer to read. [potion of cure mutation]
 15801 | Lair:4   | Received a gift from Trog
 15811 | Lair:4   | Gained mutation: You sometimes gain a little power by taking damage. [demonic ancestry]
 15811 | Lair:4   | Reached XP level 13. HP: 57/106 MP: 13/13
 16020 | Lair:4   | Noticed Urug
 16031 | Lair:4   | Killed Urug
 16488 | Lair:4   | Found a burning altar of Makhleb.
 17004 | Lair:5   | Noticed Rupert
 17077 | Lair:5   | Killed Rupert
 17340 | Lair:5   | Found a staircase to the Slime Pits.
 17693 | Lair:6   | Entered Level 6 of the Lair of Beasts
 18162 | Lair:6   | Reached skill level 12 in Fighting
 19115 | Lair:6   | Got a garnet-encrusted chain mail
 19138 | Lair:6   | Identified the +1 chain mail of Olesosom {rElec rF- rCorr Str+6} (You found it on level 6 of the Lair of Beasts)
 19258 | Lair:3   | Received a gift from Trog
 19401 | D:11     | Reached ****** piety under Trog
 19805 | D:11     | Gained mutation: You are mostly covered in thin metallic scales. (AC +3) [demonic ancestry]
 19805 | D:11     | Reached XP level 14. HP: 97/116 MP: 14/14
 20091 | D:12     | Got a crystal hand axe
 20095 | D:12     | Identified the +4 hand axe of the Evening {vamp, rN++ MP+9 Str-5} (You found it on level 12 of the Dungeon)
 21562 | D:13     | Received a gift from Trog
 21565 | D:13     | Got a shimmering hand axe {god gift}
 21566 | D:13     | Identified the +1 hand axe of Accidental Termination {distort, rF++ Int-5 Dex+7} (Trog gifted it to you on level 13 of the Dungeon)
 21569 | D:13     | Cast into level 2 of the Abyss (a distortion unwield)
 21913 | Abyss:2  | Noticed a lich
 21929 | Abyss:2  | Killed a lich
 21949 | Abyss:2  | Reached skill level 15 in Axes
 21995 | Abyss:2  | Reached skill level 13 in Fighting
 22004 | Abyss:2  | Noticed a bone dragon
 22026 | D:13     | Escaped the Abyss
 22361 | D:13     | Found a runed door.
 22361 | D:13     | Noticed a stone giant
 22372 | D:13     | Killed a stone giant
 22426 | D:13     | Got a pitted plate armour
 22437 | D:13     | Identified the cursed +0 plate armour of Watchfulness {rElec rPois rC- Slay+3} (You found it on level 13 of the Dungeon)
 22558 | D:13     | Found a glowing silver altar of Zin.
 22946 | D:14     | Found a gate to the Vaults.
 22984 | D:14     | Received a gift from Trog
 23213 | D:14     | Gained mutation: You have claws for feet. [demonic ancestry]
 23213 | D:14     | Reached XP level 15. HP: 111/124 MP: 5/15
 24481 | Orc:1    | Entered Level 1 of the Orcish Mines
 24575 | D:7      | Bought a thick metal-bound manual for 540 gold pieces
 24689 | Orc:1    | Noticed an orc warlord
 24726 | D:10     | Killed an orc warlord
 24740 | D:10     | Reached skill level 1 in Evocations
 25075 | Orc:2    | Entered Level 2 of the Orcish Mines
 25075 | Orc:2    | Noticed Snorg
 25077 | Orc:2    | Found Igey's Antique Armour Emporium.
 25273 | Orc:2    | Found Ruastoa's Antique Weapon Emporium.
 25306 | Orc:2    | Found a staircase to the Elven Halls.
 25332 | Orc:2    | Found a dark tunnel.
 25337 | Volcano  | Entered a volcano
 25597 | Volcano  | Reached skill level 5 in Evocations
 25686 | Volcano  | Found a sparkling altar of Nemelex Xobeh.
 25880 | Orc:2    | Killed Snorg
 26297 | Orc:2    | Bought a crude ring mail for 252 gold pieces
 26311 | Orc:2    | Found Danutuy's Jewellery Emporium.
 26632 | Orc:2    | Found Foyl Ora's General Store.
 27496 | Lair:1   | Identified the +4 ring mail "Amaesu" {*Corrode rN+ MR+} (You bought it in a shop on level 2 of the Orcish Mines)
 27621 | Swamp:1  | Entered Level 1 of the Swamp
 27631 | Swamp:1  | Reached skill level 14 in Fighting
 27634 | Swamp:1  | Received a gift from Trog
 29469 | Swamp:2  | Reached skill level 15 in Fighting
 29717 | Swamp:2  | Gained mutation: You are immune to freezing clouds. [demonic ancestry]
 29717 | Swamp:2  | Reached XP level 16. HP: 111/136 MP: 21/21
 30973 | Swamp:3  | Received a gift from Trog
 31113 | Swamp:3  | Reached skill level 16 in Fighting
 31450 | Swamp:4  | Entered Level 4 of the Swamp
 32233 | Swamp:4  | Noticed the 27-headed Lernaean hydra
 32475 | Swamp:4  | Killed the 23-headed Lernaean hydra
 32676 | Swamp:4  | Got a decaying rune of Zot
 32900 | Swamp:3  | Received a gift from Trog
 33392 | Spider:1 | Entered Level 1 of the Spider Nest
 33823 | Spider:1 | Reached skill level 10 in Shields
 34104 | Spider:2 | Reached skill level 10 in Armour
 34683 | Spider:2 | Gained mutation: You sometimes gain power by taking damage. [demonic ancestry]
 34683 | Spider:2 | Reached XP level 17. HP: 139/145 MP: 22/22
 34688 | Spider:2 | Received a gift from Trog
 35357 | Spider:2 | Noticed Roxanne
 35379 | Spider:2 | Killed Roxanne
 35895 | Spider:3 | Got a crude ring mail
 35936 | Spider:2 | Identified the cursed +1 ring mail of Salvation {+Fly rN+ Dex+4} (You found it on level 3 of the Spider Nest)
 36026 | Spider:3 | Reached skill level 10 in Dodging
 36064 | Spider:3 | Received a gift from Trog
 37099 | Spider:4 | Entered Level 4 of the Spider Nest
 37688 | Spider:4 | Received a gift from Trog
 38431 | Spider:4 | Gained mutation: You are powered by pain. [demonic ancestry]
 38431 | Spider:4 | Reached XP level 18. HP: 153/153 MP: 13/23
 38797 | Spider:4 | Received a gift from Trog
 38805 | Spider:4 | Got an encrusted war axe {god gift}
 38806 | Spider:4 | Identified the +7 war axe of Spontaneous Combustion {drain, rPois rC+ rN+++ Stlth+} (Trog gifted it to you on level 4 of the Spider Nest)
 38871 | Spider:4 | Got a gossamer rune of Zot
 38889 | Spider:4 | Noticed Arachne
 38909 | Spider:4 | Killed Arachne
 39698 | Vaults:1 | Entered Level 1 of the Vaults
 39750 | Vaults:1 | Paralysed by an ogre mage for 3 turns
 40476 | Vaults:1 | Received a gift from Trog
 41635 | Vaults:2 | Received a gift from Trog
 41927 | Vaults:2 | Reached skill level 17 in Fighting
 42576 | Vaults:2 | Gained mutation: You are robust. (+10% HP) [demonic ancestry]
 42576 | Vaults:2 | Reached XP level 19. HP: 140/177 MP: 24/24
 42621 | Vaults:2 | Received a gift from Trog
 43200 | Vaults:3 | Noticed a lich
 43216 | Vaults:3 | Killed a lich
 43571 | Vaults:3 | Reached skill level 18 in Fighting
 44258 | Vaults:3 | Received a gift from Trog
 44320 | Vaults:3 | Reached skill level 19 in Fighting
 44847 | Vaults:3 | Found a staircase to the Crypt.
 44856 | Crypt:1  | Entered Level 1 of the Crypt
 44870 | Crypt:1  | Received a gift from Trog
 45727 | Crypt:1  | Paralysed by a vampire knight for 5 turns
 45979 | Crypt:1  | Noticed Aizul
 45996 | Crypt:1  | Killed Aizul
 46146 | Crypt:1  | Gained mutation: You are weak. (Str -2) [mutagenic meat]
 46146 | Crypt:1  | Lost mutation: You are weak. (Str -2) [potion of cure mutation]
 46412 | Crypt:3  | Entered Level 3 of the Crypt
 46889 | Crypt:2  | Reached XP level 20. HP: 193/193 MP: 25/25
 47363 | Crypt:2  | Received a gift from Trog
 48608 | Crypt:3  | Paralysed by a vampire knight for 2 turns
 48616 | Crypt:3  | Paralysed by a vampire knight for 3 turns
 48634 | Crypt:3  | Reached skill level 10 in Evocations
 48912 | Crypt:3  | Noticed a greater mummy
 48913 | Crypt:3  | Noticed a greater mummy
 48914 | Crypt:3  | Noticed Khufu
 49781 | Vaults:3 | Received a gift from Trog
 50246 | Vaults:4 | Noticed Frederick
 50255 | Vaults:4 | Killed Frederick
 51112 | Vaults:4 | Received a gift from Trog
 51242 | Vaults:4 | Gained mutation: You are weak. (Str -2) [a shining eye]
 51245 | Vaults:4 | Gained mutation: You tend to lose your temper in combat. [a shining eye]
 51265 | Vaults:4 | Lost mutation: You are weak. (Str -2) [potion of cure mutation]
 51265 | Vaults:4 | Lost mutation: You tend to lose your temper in combat. [potion of cure mutation]
 51607 | Elf:1    | Entered Level 1 of the Elven Halls
 51635 | Elf:1    | Gained mutation: You are very robust. (+20% HP) [demonic ancestry]
 51635 | Elf:1    | Reached XP level 21. HP: 178/218 MP: 30/30
 51915 | Elf:1    | Cast into level 2 of the Abyss (dire flail of distortion)
 52531 | Abyss:2  | Found a shattered altar of Ashenzari.
 52560 | Elf:1    | Escaped the Abyss
 52576 | Elf:1    | Received a gift from Trog
 53259 | Elf:1    | Cast into level 3 of the Abyss (a deep elf sorcerer)
 53260 | Abyss:3  | Found a corrupted altar of Lugonu.
 53349 | Abyss:3  | Found a corrupted altar of Lugonu.
 53443 | Abyss:3  | Received a gift from Trog
 53485 | Elf:1    | Escaped the Abyss
 53760 | Elf:1    | Found a gateway to a bazaar.
 53770 | Bazaar   | Entered a bazaar
 53770 | Bazaar   | Found Tezxute's Jewellery Boutique.
 53770 | Bazaar   | Found Offixtent's Weapon Boutique.
 53794 | Bazaar   | Found Toawav's Book Shop.
 53843 | Bazaar   | Found Largheif's Magic Scroll Boutique.
 53851 | Bazaar   | Bought a scroll of blinking for 127 gold pieces
 53920 | Bazaar   | Bought the ring of Shaolin {EV+8} for 2048 gold pieces
 54223 | Elf:2    | Found an ancient bone altar of Kikubaaqudgha.
 54452 | Elf:2    | Found Arpho Zam's Distillery.
 54461 | Elf:2    | Bought a potion of curing for 54 gold pieces
 54461 | Elf:2    | Bought a potion of curing for 54 gold pieces
 54596 | Elf:2    | Found a huge runed gate.
 54596 | Elf:2    | Found a huge runed gate.
 54596 | Elf:2    | Found a huge runed gate.
 54682 | Elf:2    | Received a gift from Trog
 54694 | Elf:2    | Got a twisted war axe {god gift}
 54695 | Elf:2    | Identified the +1 war axe "Ixkonale" {freeze, Str+3} (Trog gifted it to you on level 2 of the Elven Halls)
 55039 | Elf:3    | Entered Level 3 of the Elven Halls
 55261 | Elf:3    | HP: 8/218 [deep elf master archer/arrow (23)]
 55718 | Elf:3    | Found Poyfow's Jewellery Emporium.
 55903 | Elf:3    | Noticed Bai Suzhen
 55921 | Elf:3    | Killed Bai Suzhen
 56002 | Elf:3    | Paralysed by an orc sorcerer for 5 turns
 56075 | Elf:3    | Gained mutation: You are extremely robust. (+30% HP) [demonic ancestry]
 56075 | Elf:3    | Reached XP level 22. HP: 218/245 MP: 31/31
 56095 | Elf:3    | Received a gift from Trog
 56107 | Elf:3    | Gained mutation: Your body sometimes deteriorates upon taking damage. [a neqoxec]
 56171 | Elf:3    | Got a faintly glowing turquoise ring
 56189 | Elf:3    | Got a faintly glowing wooden ring
 56190 | Elf:3    | Got a smoking great mace {crush}
 56192 | Elf:3    | Identified the ring of the Fifty Tales {rElec rF+ rN+ Int-2 Stlth-} (You took it off a deep elf annihilator on level 3 of the Elven Halls)
 56194 | Elf:3    | Identified the ring "Neom Esyts" {MR- Str+5 Int+4 Stlth+} (You took it off a deep elf demonologist on level 3 of the Elven Halls)
 56221 | Elf:3    | Got a scorched leather armour
 56325 | Elf:3    | Identified the cursed +0 leather armour of Blue Skies {rCorr Int+2} (You took it off a deep elf demonologist on level 3 of the Elven Halls)
 56347 | Elf:3    | Got a steaming scale mail
 56353 | Elf:3    | Identified the +6 scale mail of the Endless Orbs {*Corrode Regen+ Str+8 Stlth-} (You found it on level 3 of the Elven Halls)
 56761 | D:15     | Entered Level 15 of the Dungeon
 56799 | D:15     | Found a flickering gateway to a bazaar.
 56822 | Bazaar   | Entered a bazaar
 56823 | Bazaar   | Found Hoafuere's Food Shoppe.
 56827 | Bazaar   | Found Ruheig's Jewellery Emporium.
 56838 | Bazaar   | Found Optops's Assorted Antiques.
 56845 | Bazaar   | Found Loseir's General Store.
 56879 | Bazaar   | Bought a scroll of blinking for 180 gold pieces
 56879 | Bazaar   | Bought a scroll of enchant armour for 180 gold pieces
 57371 | D:15     | Received a gift from Trog
 57379 | D:15     | Found a staircase to the Depths.
 57910 | D:15     | Reached skill level 1 in Throwing
 57965 | Depths:1 | Entered Level 1 of the Depths
 58204 | Depths:1 | Reached skill level 5 in Throwing
 58213 | Depths:1 | Received a gift from Trog
 58280 | Depths:1 | Found a gateway to Hell.
 58360 | Depths:1 | Upgraded the game from 0.19-a0-1193-g2641e52 to 0.19-a0-1210-g5c1aa26
 59249 | Depths:2 | Reached skill level 10 in Throwing
 59298 | Depths:2 | Found a gateway to a ziggurat.
 59368 | Depths:2 | Paralysed by a giant eyeball for 4 turns
 59518 | Depths:2 | Found Gustrih's Magic Scroll Boutique.
 59805 | Depths:2 | Received a gift from Trog
 60066 | Depths:2 | Got a pitted scale mail
 60315 | Depths:2 | Found a portal to a secret trove of treasure.
 60321 | Depths:2 | You paid a toll of 4 potions of resistance to enter a treasure trove
 60322 | Trove    | Entered a treasure trove
 60366 | Trove    | Got a wavering silver amulet
 60372 | Trove    | Identified the cursed +1 scale mail "Jasist" {rElec MR- rCorr Slay-4} (You found it on level 2 of the Depths)
 60374 | Trove    | Identified the amulet "Lucwicla" {Spirit rPois Slay+3} (You found it in a treasure trove)
 60452 | Depths:3 | Found Ugo Taymno's Book Shoppe.
 60498 | Depths:3 | Bought a manual of Fighting for 1876 gold pieces
 60628 | Depths:3 | Reached skill level 20 in Fighting
 60628 | Depths:3 | Reached XP level 23. HP: 189/254 MP: 32/32
 60676 | Depths:3 | Received a gift from Trog
 60747 | Depths:3 | HP: 18/387 [something/bolt of fire (3)]
 60752 | Depths:3 | HP: 15/387 [poisoned by a green death (bolt of poison)]
 60753 | Depths:3 | HP: 4/387 [something/vampiric draining (10)]
 60756 | Depths:3 | HP: 1/258 [poisoned by a green death (bolt of poison)]
 60756 | Depths:3 | Killed from afar by a Hell Sentinel

Vault maps used:
D:1:      mrwooster_arrival_arrow
D:2:      minmay_diamond_boxcup, makhleb_grotto_becter,
          nemelex_spade_bored_becter, uniq_natasha, uniq_sigmund
D:3:      minmay_wonky_spiral, nemelex_xobeh_ov_fountains_minmay, first_bread,
          grunt_ministairs_6
D:4:      overflow_temple_1_default, marbit_many_paths,
          overflow_temple_1_default
D:5:      serial_aquarium, aquarium_bridge_square, aquarium_window_2,
          aquarium_window_2, aquarium_window_fake, aquarium_window_corridor_1,
          aquarium_view_2f, aquarium_view_2c, columned_hall_lemuel
D:6:      xom_butterflies, basic_altar, fedhas_altar_1
D:7:      serial_shops, shop, kennysheep_little_box, shop, shop
D:8:      kennysheep_mini, serial_shops, shop, blue_anna_alchemist,
          grunt_dithmenos_smoke_and_mirrors, uniq_joseph, uniq_gastronok
D:9:      lemuel_crystal_altar, serial_shops, shop
D:10:     lair_0_dummy, minmay_orc_entry_temple_small, special_room
D:12:     minmay_open_boxes_in_corner, minmay_unpleasant_kobolds
D:13:     basic_altar, kennysheep_treasure_room
D:14:     erik_vaults_2, grunt_decor_arrowhead
D:15:     gammafunk_enter_depths_forms, serial_shops, bzr_entry_customers,
          grunt_decor_mini_mirrors
Lair:1:   grunt_megastairs_1, uniq_fannar
Lair:2:   nicolae_spider_entry_tight_spaces, portal_ice_cave_demonic_guard
Lair:3:   worms_lemuel, grunt_megastairs_5
Lair:4:   swamp_mist, basic_altar, serial_bayou_pond_e,
          nicolae_quartered_pool_super, grunt_megastairs_3, uniq_urug
Lair:5:   nicolae_slime_entry_slimehenge, beast_lair_carwin_6, uniq_rupert
Lair:6:   grunt_lair_end_beastmaster
Swamp:1:  evilmike_swamp_ruin_house_4, swamp_pool1,
          nicolae_swamp_alligator_family
Swamp:2:  cheibrodos_swamp_mausoleum, evilmike_swamp_ruin_wall
Swamp:3:  evilmike_swamp_ruin_rubble_1, swamp_pool1, hangedman_swamp_diagram
Swamp:4:  swamp_old_school
Spider:1: guppyfry_spider_mini_2
Spider:2: uniq_roxanne
Spider:4: johnstein_spider_rune_arachne_lair
Orc:2:    grunt_orc_gardens, grunt_orc_garden, grunt_orc_garden,
          grunt_orc_garden, grunt_orc_garden, enter_volcano_4, uniq_snorg
Elf:1:    eino_elf_arrival_sip, serial_shops, statue_bzr, minmay_elf_necromancy,
          spider_trap, grunt_ministairs_13
Elf:2:    basic_altar, serial_shops, nicolae_shop_crystal,
          einodemon_armed_red_devil_minivault
Elf:3:    elf_hall, serial_shops, shop, uniq_bai_suzhen
Vaults:1: v_misc_23, nicolae_vaults_specimen_jars, vaults_room_octagon,
          hangedman_vaults_hat, ontoclasm_vaults_loading_screen, v_misc_27,
          v_misc_27, nicolae_vaults_network_barrier,
          ontoclasm_vaults_loading_screen, hangedman_vaults_capsules,
          nicolae_vaults_ring_of_whatevers, vaults_dpeg_ring,
          nicolae_vaults_yaktaur_gun_rack
Vaults:2: v_misc_14, hangedman_vaults_nodes, vaults_mumra_hex, vaults_mumra_lcd
Vaults:3: hangedman_vaults_slither, minmay_crypt_entry_nasty_monster,
          hangedman_vaults_slice, hangedman_vaults_stretched_pinwheel,
          v_misc_12, st_spiral_rooms, grunt_vaults_hallway_long,
          vaults_dpeg_hooks
Vaults:4: nicolae_vaults_circle_grid_a, nicolae_vaults_display_case,
          hangedman_vaults_restitches, v_misc_12, hangedman_vaults_stream,
          nicolae_vaults_network_s, ontoclasm_vaults_eye, hangedman_vaults_maws,
          grunt_vaults_hallway_short, uniq_frederick
Crypt:1:  uniq_aizul
Crypt:2:  hex_tiny, minivault_11, hangedman_batty, basic_stair_grate_trap
Crypt:3:  church_of_pain_bobbens, nicolae_tomb_entry_grand_gallery, uniq_khufu
Depths:1: serial_co_window_serial, co_window_paths_a, co_window_corner_a,
          co_window_corner_a, co_window_paths_b, co_window_cross_1,
          co_window_of_opportunity_a, co_window_paths_b, co_window_2corner,
          co_window_corner_cb, co_window_2corner, co_window_cross_2,
          co_window_corner_b, co_window_2corner, co_window_corner_b,
          glass_columns_b, hell_entry, firewood_loft, serial_bayou_shore_b
Depths:2: minmay_quantized_circle, enter_ziggurat_d, enter_trove_6,
          serial_shops, shop_fountains, grunt_hell_horde,
          infiniplex_staircase_split_hallway, grunt_decor_cap
Depths:3: minmay_four_inscribed_fans, pf_hell_entry_tar_river,
          grunt_pan_entry_sceptre, serial_shops, nicolae_shop_behind_doors,
          shop, nicolae_shop_statue_plus, nicolae_shop_trees,
          nicolae_shop_overgrown_old_shop, hangedman_decor_peaks_small
Abyss:2:  hangedman_elemental_corridor
Abyss:3:  patterned_corridor
Bazaar:   bazaar_jpeg_ribbon, bazaar_kb_twisted_cavern
Trove:    trove_garden
IceCv:    ice_cave_tombish
Volcano:  volcano_grotto

Skill      XL: |  1  2  3  4  5  6  7  8  9 10 11 12 13 14 15 16 17 18 19 20 21 22 |
---------------+-------------------------------------------------------------------+-----
Axes           | 3 5 6 7 8 9 10 12 14 15 16 17 19 | 19.0
Armour         | 2 4 5 6 7 8 9 10 11 12 13 14 | 14.0
Fighting       | 5 7 8 9 11 12 13 15 16 17 19 20 | 20.8
Dodging        | 3 5 6 8 9 11 12 13 14 | 14.3
Shields        | 3 9 10 11 12 13 | 13.4
Evocations     | 7 12 | 12.8
Throwing       | 12 | 12.9

Action                   |  1- 3 |  4- 6 |  7- 9 | 10-12 | 13-15 | 16-18 | 19-21 | 22-24 || total
-------------------------+-------+-------+-------+-------+-------+-------+-------+-------++-------
Melee: Hand axe          |    88 |   246 |   234 |       |       |       |       |       ||   568
       Kick              |       |     6 |       |       |   255 |   735 |   984 |   472 ||  2452
       War axe           |       |       |   170 |       |       |   403 |  1728 |       ||  2301
       Battleaxe         |       |       |    98 |   163 |       |       |       |       ||   261
       Broad axe         |       |       |       |   683 |  1398 |  1297 |   267 |   877 ||  4522
Throw: Tomahawk          |       |       |     2 |     1 |       |     2 |       |       ||     5
Invok: Berserk           |     2 |     3 |     3 |     4 |     7 |     4 |     6 |     1 ||    30
       Trog's Hand       |       |       |       |     4 |     8 |     3 |     7 |     2 ||    24
       Brothers in Arms  |       |       |       |     1 |       |     2 |     1 |       ||     4
       Burn Spellbooks   |       |       |       |       |     4 |     6 |     3 |     7 ||    20
Evoke: Wand              |       |       |     1 |     3 |     4 |    11 |    16 |     4 ||    39
  Use: Scroll            |     6 |     3 |    13 |    12 |    13 |    13 |    15 |    18 ||    93
       Potion            |       |       |     3 |     8 |     2 |     8 |    11 |     2 ||    34
 Stab: Sleeping          |     1 |       |       |       |       |       |       |       ||     1
       Invisible         |       |       |       |    10 |     2 |       |       |       ||    12
       Distracted        |       |       |       |       |       |       |     2 |     1 ||     3
  Eat: Chunk             |       |    12 |    13 |     8 |    22 |    18 |    19 |       ||    92
       Bread ration      |       |       |     2 |       |     2 |     2 |     2 |     1 ||     9
       Beef jerky        |       |       |     1 |     2 |     3 |     1 |     3 |     1 ||    11
       Meat ration       |       |       |     1 |       |       |       |     4 |       ||     5
       Fruit             |       |       |       |    16 |    20 |     4 |     6 |     9 ||    55
       Royal jelly       |       |       |       |     2 |     3 |     8 |     2 |       ||    15
       Pizza             |       |       |       |     1 |     2 |     2 |     5 |       ||    10
Armor: Animal skin       |    30 |     5 |       |       |       |       |       |       ||    35
       Chain mail        |       |   135 |   285 |   365 |   254 |       |       |       ||  1039
       Plate armour      |       |       |       |       |   170 |   798 |   464 |     8 ||  1440
       Fire dragon armou |       |       |       |       |       |       |       |   126 ||   126
Dodge: Dodged            |    56 |    86 |   294 |   439 |   475 |   822 |   709 |   611 ||  3492
Block: Shield            |       |       |       |   332 |   993 |  1419 |  1272 |   672 ||  4688
       Reflection        |       |       |       |       |    40 |    41 |    76 |    81 ||   238
